 Dungeon Crawl Stone Soup version 0.21-a0-498-g1b60429 (webtiles) character file.

39846 luca467 the Protected (level 14, 71/111 HPs)
             Began as a Gnoll Wanderer on Nov 24, 2017.
             Quit the game on level 6 of the Lair of Beasts on Nov 27, 2017.
             The game lasted 01:16:32 (19287 turns).

luca467 the Protected (Gnoll Wanderer)             Turns: 19287, Time: 01:16:33

Health: 71/111     AC: 19    Str: 20    XL:     14   Next: 8%
Magic:  26/26      EV: 15    Int: 15    God:    Xom [....*.]
Gold:   908        SH: 13    Dex: 17    Spells: 28/30 levels left

rFire    . . .     SeeInvis +   m - +8 whip "Snakebite" {curare, rPois}
rCold    + . .     Gourm    .   a - +1 shield
rNeg     . . .     Faith    .   v - +4 scale mail {rPois}
rPois    +         Spirit   .   e - +2 helmet
rElec    .         Reflect  .   P - scarf {repulsion}
rCorr    .         Harm     .   q - +2 pair of gloves {Str+3}
MR       +....                  (no boots)
Stlth    +++.......             (no amulet)
HPRegen  0.28/turn              x - ring of see invisible
MPRegen  0.20/turn              C - ring of protection from cold

@: repel missiles
A: distributed training, fangs 1, hooves 1, iridescent scales 1, deformed body,
strong nose
a: Renounce Religion


You were on level 6 of the Lair of Beasts.
You worshipped Xom.
You were a beloved toy of Xom.
You were hungry.

You visited 3 branches of the dungeon, and saw 16 of its levels.
You also visited: Sewer.

You collected 908 gold pieces.

Inventory:

Hand Weapons
 m - the +8 whip "Snakebite" (weapon) {curare, rPois}
   (You found it on level 4 of the Lair of Beasts)

   It poisons the flesh of those it strikes.
   It protects you from poison.
 W - the +9 quarterstaff "Riac" {crush, Dex+3}
   (You found it on level 1 of the Lair of Beasts)

   It inflicts extra damage upon your enemies.
   It affects your dexterity (+3).
Missiles
 F - 9 javelins (quivered)
Armour
 a - a +1 shield (worn)
 e - a +2 helmet (worn)
 o - a +0 cloak of invisibility
 q - a +2 pair of gloves of strength (worn)
 v - a +4 scale mail of poison resistance (worn)
 P - a scarf of repulsion (worn)
Jewellery
 x - a ring of see invisible (left hand)
 C - a ring of protection from cold (right hand)
 Q - an uncursed ring of protection from fire
Wands
 B - a wand of scattershot (3)
 I - a wand of disintegration (17)
 J - a wand of iceblast (2)
 S - a wand of acid (4)
Scrolls
 b - 2 scrolls of magic mapping
 c - 2 scrolls of teleportation
 d - a scroll of vulnerability {unknown}
 g - a scroll of enchant armour
 l - 13 scrolls of remove curse
 A - a scroll of blinking {unknown}
 D - 5 scrolls of amnesia
 M - 2 scrolls of immolation
 O - 2 scrolls of random uselessness {unknown}
 Y - a scroll of fear {unknown}
Potions
 i - 5 potions of brilliance
 j - 2 potions of curing
 k - 2 potions of flight
 p - a potion of haste
 t - 3 potions of agility
 w - 2 potions of resistance
 E - a potion of ambrosia
 G - a potion of might
 K - a potion of lignification
 R - 2 potions of magic
Books
 n - a book of Summonings

   Spells                             Type                      Level
   a - Recall                         Summoning/Translocation      3
   b - Aura of Abjuration             Summoning                    5
   c - Summon Demon                   Summoning                    5
   d - Summon Forest                  Summoning/Translocation      5
   e - Summon Mana Viper              Hexes/Summoning              5
   f - Shadow Creatures               Summoning                    6
 s - a book of Necromancy

   Spells                             Type                      Level
   a - Pain                           Necromancy                   1
   b - Animate Skeleton               Necromancy                   1
   c - Vampiric Draining              Necromancy                   3
   d - Regeneration                   Charms/Necromancy            3
   e - Animate Dead                   Necromancy                   4
   f - Control Undead                 Necromancy                   4
 y - a book of Minor Magic

   Spells                             Type                      Level
   a - Magic Dart                     Conjuration                  1
   b - Blink                          Translocation                2
   c - Call Imp                       Summoning                    2
   d - Slow                           Hexes                        2
   e - Conjure Flame                  Conjuration/Fire             3
   f - Mephitic Cloud                 Conjuration/Poison/Air       3
 N - Beproung's Reference Book on Summoning and Air
   (Xom gifted it to you on level 2 of the Lair of Beasts)

   Spells                             Type                      Level
   a - Swiftness                      Charms/Air                   2
   b - Mephitic Cloud                 Conjuration/Poison/Air       3
   c - Summon Guardian Golem          Hexes/Summoning              3
   d - Call Canine Familiar           Summoning                    3
   e - Summon Ice Beast               Ice/Summoning                4
   f - Aura of Abjuration             Summoning                    5
Miscellaneous
 u - a sack of spiders
 U - a lamp of fire
 V - a box of beasts
Comestibles
 f - 11 bread rations
 h - 2 royal jellies
 r - 11 meat rations
 H - 24 fruits


   Skills:
 + Level 10.8 Fighting
 + Level 8.7 Short Blades
 + Level 8.7 Long Blades
 + Level 8.7 Axes
 + Level 9.1 Maces & Flails
 + Level 8.7 Polearms
 + Level 8.7 Staves
 + Level 8.7 Slings
 + Level 8.7 Bows
 + Level 8.7 Crossbows
 + Level 8.7 Throwing
 + Level 11.9 Armour
 + Level 8.7 Dodging
 + Level 8.7 Stealth
 + Level 9.9 Shields
 + Level 8.7 Unarmed Combat
 + Level 8.7 Spellcasting
 + Level 7.3 Conjurations
 + Level 7.3 Hexes
 + Level 7.3 Charms
 + Level 7.3 Summonings
 + Level 7.3 Necromancy
 + Level 7.3 Translocations
 + Level 7.3 Transmutations
 + Level 7.3 Fire Magic
 + Level 7.3 Ice Magic
 + Level 7.3 Air Magic
 + Level 7.3 Earth Magic
 + Level 7.3 Poison Magic
 + Level 9.5 Invocations
 + Level 8.7 Evocations


You had 28 spell levels left.
You knew the following spells:

 Your Spells              Type           Power        Failure   Level  Hunger
a - Blink                 Tloc           N/A          3%          2    None


Dungeon Overview and Level Annotations

Branches:
Dungeon (9/15)             Temple (1/1) D:7            Lair (6/6) D:9
  Swamp (0/4) Lair:4        Snake (0/4) Lair:3
  Slime: Lair:5-6       Orc: D:9-12

Altars:
Ashenzari
Cheibriados
Fedhas
Gozag
Hepliaklqana
Makhleb
Nemelex Xobeh
Ru
Sif Muna
Uskayaw
Vehumet
Xom

Annotations:
D:9 2 runed doors


Innate Abilities, Weirdness & Mutations

Your experience applies equally to all skills.
You have very sharp teeth.
Your uncanny sense of smell can sniff out nearby items.
You have large cloven feet.
You are partially covered in iridescent scales. (AC +2)
Armour fits poorly on your strangely shaped body.


Message History

You block the vampire mosquito's attack.
You whack the vampire mosquito!
You destroy the vampire mosquito!
You see here a spiny frog skeleton.
Your iron imp disappears in a puff of smoke!
F - 8 javelins (gained 1)
F - 9 javelins (gained 1)
You start resting.
You are feeling hungry.
You start resting.
A bullfrog comes into view.
A bullfrog is nearby!
A bullfrog is nearby!
A bullfrog is nearby!
A bullfrog is nearby!
Save game and exit?
Welcome back, luca467 the Gnoll Wanderer.
Xom snickers.
Press ? for a list of commands and other information.
Are you sure you want to abandon this character and quit the game? (Confirm with "yes".)

...........................
..............†............
........................%..
........F................P.
...........................
........†..†............%..
........<÷.................
P.#P+..#P...........P##$...
##...###P......@...### ....
##.. #.P...#......# .. #.
#.....#.......# #.
##....#........#
#...P.#.......#
.P............#.
.....##P.P..#..# #.PP.####


You could see a bullfrog (wandering).

Vanquished Creatures
  2 hydras (Lair:5)
  A two-headed ogre (D:9)
  A catoblepas (Lair:4)
  The ghost of Thaneod the Quickloader, a novice CeHu of Okawaru (D:7)
  Pikel (D:8)
  A harpy (Lair:2)
  5 elephants
  10 black mambas
  An elephant (shapeshifter) (Lair:4)
  A guardian serpent (Lair:3)
  20 spiny frogs
  9 komodo dragons
  5 polar bears
  3 trolls (D:9)
  A wind drake (Lair:3)
  19 blink frogs
  7 hippogriffs
  21 yaks
  2 basilisks
  A wyvern (Lair:6)
  2 hungry ghosts (D:9)
  4 vampire mosquitoes
  11 water moccasins
  6 porcupines
  A slave (D:9)
  An ice beast (Lair:4)
  8 black bears
  7 necrophages
  A phantom (D:4)
  2 ogres
  An eye of draining (D:9)
  26 wolves
  2 centaurs
  10 crocodiles
  4 big kobolds
  2 elf zombies (D:7)
  13 bullfrogs
  2 elf skeletons (D:7)
  A scorpion (D:6)
  A water moccasin skeleton (D:9)
  6 killer bees
  7 wights
  3 crimson imps
  A howler monkey (D:4)
  A quasit (D:7)
  A centaur zombie (D:6)
  5 orc priests
  A bullfrog skeleton (D:5)
  5 hounds
  4 jellies
  A centaur skeleton (D:4)
  A human zombie (D:7)
  3 orc wizards
  7 iguanas
  Jessica (D:2)
  Ijyb (D:3)
  5 human skeletons (D:7)
  5 worker ants
  2 killer bee zombies (D:8)
  A hound zombie (D:9)
  A hound skeleton (D:4)
  A mummy (D:8)
  6 gnolls
  9 river rats
  15 adders
  An ooze (Lair:6)
  2 adder zombies (D:8)
  4 worms
  5 dart slugs
  4 leopard geckos
  13 orcs
  6 giant cockroaches
  7 hobgoblins
  9 jackals
  A quokka (D:4)
  8 ball pythons
  6 bats
  6 frilled lizards
  11 goblins
  21 kobolds
  A leopard gecko zombie (D:9)
  An orc skeleton (D:7)
  A quokka skeleton (D:5)
  23 rats
  A butterfly (Lair:6)
  2 fungi
  A plant (Lair:5)
444 creatures vanquished.

Vanquished Creatures (collateral kills)
  A hydra (Lair:6)
  A black mamba (Lair:6)
  2 blink frogs (Lair:6)
  A basilisk (Lair:5)
  A yak (Lair:5)
  A hungry ghost (D:9)
  A water moccasin (Lair:5)
8 creatures vanquished.

Vanquished Creatures (others)
  2 yaks (Lair:6)
  A wolf (Lair:4)
  An orc wizard (D:7)
  19 fungi
  21 plants
44 creatures vanquished.

Grand Total: 496 creatures vanquished

Notes
Turn   | Place    | Note
-------+----------+-------------------------------------------
     0 | D:1      | luca467 the Gnoll Wanderer began the quest for the Orb.
     0 | D:1      | luca467 set off with: a +0 shield, a +0 mace, a scroll of teleportation, a +0 robe, a bread ration
     0 | D:1      | Reached XP level 1. HP: 23/23 MP: 1/1
   127 | D:1      | Reached XP level 2. HP: 23/29 MP: 2/2
   196 | D:1      | Reached XP level 3. HP: 27/35 MP: 3/3
   649 | D:2      | Noticed Jessica
   662 | D:2      | Reached skill level 1 in Invocations
   663 | D:2      | Killed Jessica
   663 | D:2      | Reached skill level 1 in Short Blades
   663 | D:2      | Reached skill level 1 in Long Blades
   663 | D:2      | Reached skill level 1 in Axes
   663 | D:2      | Reached skill level 1 in Polearms
   663 | D:2      | Reached skill level 1 in Staves
   663 | D:2      | Reached skill level 1 in Slings
   663 | D:2      | Reached skill level 1 in Bows
   663 | D:2      | Reached skill level 1 in Crossbows
   663 | D:2      | Reached skill level 1 in Throwing
   663 | D:2      | Reached skill level 1 in Dodging
   663 | D:2      | Reached skill level 1 in Stealth
   663 | D:2      | Reached skill level 1 in Unarmed Combat
   663 | D:2      | Reached skill level 1 in Spellcasting
   663 | D:2      | Reached skill level 1 in Evocations
   663 | D:2      | Reached XP level 4. HP: 22/41 MP: 5/5
  1399 | D:3      | Noticed a bullfrog
  1409 | D:3      | HP: 2/41 [bullfrog (3)]
  1412 | D:3      | Killed a bullfrog
  1412 | D:3      | Reached skill level 1 in Conjurations
  1412 | D:3      | Reached skill level 1 in Hexes
  1412 | D:3      | Reached skill level 1 in Charms
  1412 | D:3      | Reached skill level 1 in Summonings
  1412 | D:3      | Reached skill level 1 in Necromancy
  1412 | D:3      | Reached skill level 1 in Translocations
  1412 | D:3      | Reached skill level 1 in Transmutations
  1412 | D:3      | Reached skill level 1 in Fire Magic
  1412 | D:3      | Reached skill level 1 in Ice Magic
  1412 | D:3      | Reached skill level 1 in Air Magic
  1412 | D:3      | Reached skill level 1 in Earth Magic
  1412 | D:3      | Reached skill level 1 in Poison Magic
  1412 | D:3      | Reached XP level 5. HP: 27/47 MP: 5/7
  1580 | D:3      | Noticed Ijyb
  1584 | D:3      | Paralysed by Ijyb for 7 turns
  1603 | D:3      | Paralysed by Ijyb for 7 turns
  1619 | D:3      | Paralysed by Ijyb for 4 turns
  1626 | D:3      | Killed Ijyb
  1713 | D:3      | Reached XP level 6. HP: 48/53 MP: 8/8
  1741 | D:3      | Found a glowing drain.
  1748 | Sewer    | Entered a sewer
  1846 | Sewer    | Reached skill level 5 in Shields
  2324 | Sewer    | Reached XP level 7. HP: 58/59 MP: 10/10
  3385 | D:4      | Reached skill level 9 in Armour
  3534 | D:5      | Entered Level 5 of the Dungeon
  3696 | D:5      | Reached XP level 8. HP: 57/66 MP: 12/12
  4514 | D:6      | Found a sacrificial altar of Ru.
  4702 | D:7      | Found a burning altar of Makhleb.
  4703 | D:7      | Noticed Thaneod's ghost (novice CeHu)
  4744 | D:7      | Killed Thaneod's ghost
  4744 | D:7      | Reached XP level 9. HP: 49/73 MP: 12/14
  5294 | D:7      | Reached skill level 5 in Maces & Flails
  5796 | D:7      | Found a staircase to the Ecumenical Temple.
  5821 | Temple   | Entered the Ecumenical Temple
  5895 | Temple   | Became a worshipper of Xom the Capricious
  5933 | D:7      | XOM: harmless Tloc miscast
  6006 | D:8      | XOM: silly message
  6012 | D:8      | Reached skill level 5 in Invocations
  6020 | D:8      | XOM: harmless Pois miscast
  6066 | D:8      | XOM: silly message
  6075 | D:8      | Reached XP level 10. HP: 49/80 MP: 17/17
  6169 | D:8      | XOM: potion effect (might)
  6199 | D:8      | Learned a level 2 spell: Blink
  6331 | D:8      | XOM: divination: detect creatures
  6361 | D:8      | XOM: divination: detect items
  6378 | D:8      | Reached skill level 5 in Short Blades
  6378 | D:8      | Reached skill level 5 in Long Blades
  6378 | D:8      | Reached skill level 5 in Axes
  6378 | D:8      | Reached skill level 5 in Polearms
  6378 | D:8      | Reached skill level 5 in Staves
  6378 | D:8      | Reached skill level 5 in Slings
  6378 | D:8      | Reached skill level 5 in Bows
  6378 | D:8      | Reached skill level 5 in Crossbows
  6378 | D:8      | Reached skill level 5 in Throwing
  6378 | D:8      | Reached skill level 5 in Dodging
  6378 | D:8      | Reached skill level 5 in Stealth
  6378 | D:8      | Reached skill level 5 in Unarmed Combat
  6378 | D:8      | Reached skill level 5 in Spellcasting
  6378 | D:8      | Reached skill level 5 in Evocations
  6574 | D:8      | XOM: harmless Necr miscast
  6595 | D:8      | Found a flagged portal.
  6648 | D:8      | XOM: noise
  6791 | D:8      | Reached skill level 10 in Armour
  6857 | D:9      | Found a large runed door.
  6857 | D:9      | Found a large runed door.
  7159 | D:9      | XOM is BORED!
  7159 | D:9      | XOM: noise
  7177 | D:9      | XOM: summons 4 friendly demons
  7213 | D:9      | Found a radiant altar of Vehumet.
  7278 | D:9      | XOM: swap monsters
  7433 | D:9      | Noticed Pikel
  7444 | D:9      | XOM: harmless Air miscast
  7458 | D:9      | XOM: medium Hex miscast
  7461 | D:9      | XOM: mild Necr miscast
  7612 | D:8      | XOM: swap monsters
  7616 | D:8      | XOM: mild Necr miscast
  7620 | D:8      | XOM: blink monster(s)
  7625 | D:8      | XOM: torment (20/82 hp)
  7626 | D:8      | XOM: confusion
  7627 | D:8      | Killed Pikel
  7852 | D:9      | XOM: draining
  7899 | D:9      | Noticed a two-headed ogre
  7921 | D:9      | XOM: polymorph orc -> dart slug
  7930 | D:9      | XOM: chaos cloud
  7945 | D:9      | HP: 4/82 [two-headed ogre/dire flail (12)]
  7951 | D:9      | XOM: summons friendly white imp
  7953 | D:9      | XOM: confusion
  7972 | D:9      | XOM: chaos cloud
  7982 | D:9      | XOM: enchant monster (bad)
  7986 | D:9      | XOM: enchant monster (good)
  7990 | D:9      | Killed a two-headed ogre
  7990 | D:9      | Reached XP level 11. HP: 26/87 MP: 19/19
  8072 | D:9      | XOM is BORED!
  8072 | D:9      | XOM: mild Pois miscast
  8304 | D:9      | XOM: divination: detect creatures
  8480 | D:9      | Found a large runed door.
  8480 | D:9      | Found a large runed door.
  8649 | D:9      | XOM: mild Ice miscast
  8751 | D:9      | XOM: god gift: 17 stones
  9007 | D:9      | XOM: scenery: create altars
  9013 | D:9      | XOM: scenery: create altars
  9021 | D:9      | Found a staircase to the Lair.
  9024 | D:9      | XOM: cloud trail
  9105 | D:9      | XOM: destruction
  9243 | D:9      | Reached skill level 5 in Conjurations
  9243 | D:9      | Reached skill level 5 in Hexes
  9243 | D:9      | Reached skill level 5 in Charms
  9243 | D:9      | Reached skill level 5 in Summonings
  9243 | D:9      | Reached skill level 5 in Necromancy
  9243 | D:9      | Reached skill level 5 in Translocations
  9243 | D:9      | Reached skill level 5 in Transmutations
  9243 | D:9      | Reached skill level 5 in Fire Magic
  9243 | D:9      | Reached skill level 5 in Ice Magic
  9243 | D:9      | Reached skill level 5 in Air Magic
  9243 | D:9      | Reached skill level 5 in Earth Magic
  9243 | D:9      | Reached skill level 5 in Poison Magic
  9418 | D:9      | XOM: give mutation
  9418 | D:9      | Gained mutation: You have large cloven feet. [Xom's mischief]
  9450 | Lair:1   | Entered Level 1 of the Lair of Beasts
  9666 | Lair:1   | Got a transparent quarterstaff
  9672 | Lair:1   | Identified the +9 quarterstaff "Riac" {crush, Dex+3} (You found it on level 1 of the Lair of Beasts)
  9950 | Lair:1   | Got a clouded sapphire amulet
  9960 | Lair:1   | Identified the amulet "Keimupub" {Inacc rF- rN+ MR+} (You found it on level 1 of the Lair of Beasts)
  9970 | Lair:1   | XOM: enchant monster (good)
  9978 | Lair:1   | XOM: summons 2 friendly demons
 10204 | Lair:1   | XOM: 5-stop teleportation journey
 10403 | Lair:1   | XOM: scenery: 2 doors open
 10405 | Lair:1   | XOM: scenery: 1 doors open, 2 doors close
 10491 | Lair:1   | XOM: cloud trail
 10582 | Lair:1   | XOM: scenery: 1 doors open
 10657 | Lair:1   | XOM: enchant monster (bad)
 10659 | Lair:1   | XOM: noise
 10841 | Lair:1   | XOM: medium Conj miscast
 11153 | Lair:1   | XOM is BORED!
 11153 | Lair:1   | XOM: summons 3 hostile demons
 11205 | Lair:1   | XOM: enchant monster (bad)
 11287 | Lair:2   | XOM: harmless Necr miscast
 11297 | Lair:2   | XOM: 1-stop teleportation journey
 11311 | Lair:2   | Reached XP level 12. HP: 61/96 MP: 22/22
 11538 | Lair:2   | XOM: harmless Air miscast
 11625 | Lair:2   | XOM: mild Summ miscast
 11873 | Lair:2   | XOM: give mutations
 11873 | Lair:2   | Gained mutation: Scrolls take you a little longer to read. [Xom's mischief]
 11873 | Lair:2   | Gained mutation: You are partially covered in iridescent scales. (AC +2) [Xom's mischief]
 12011 | Lair:2   | XOM: smoke on damage
 12023 | Lair:2   | XOM: chaos cloud
 12223 | Lair:2   | XOM: polymorph blink frog -> harpy
 12236 | Lair:2   | XOM: stat loss: -1 Dex (19/20)
 12237 | Lair:2   | XOM: summons 1 hostile demon
 12305 | Lair:2   | Reached skill level 11 in Armour
 12317 | Lair:2   | XOM: summons 2 hostile shadow creatures
 12355 | Lair:2   | XOM: divination: detect items
 12467 | Lair:2   | XOM: mild Fire miscast
 12470 | Lair:2   | XOM: noise
 12641 | Lair:2   | XOM: scenery: create altars
 12656 | Lair:2   | XOM: summons 3 hostile demons
 12833 | Lair:2   | XOM: cloud trail
 12975 | Lair:3   | XOM: divination: detect items
 12991 | Lair:3   | XOM: potion effect (berserk rage)
 13108 | Lair:3   | XOM: harmless Tloc miscast
 13115 | Lair:3   | XOM: polymorph elephant -> wind drake
 13133 | Lair:3   | XOM: enchant monster (good)
 13356 | Lair:3   | XOM: scenery: create altars
 13371 | Lair:3   | XOM: divination: magic mapping
 13410 | Lair:2   | Identified Beproung's Reference Book on Summoning and Air (Xom gifted it to you on level 2 of the Lair of Beasts)
 13410 | Lair:2   | XOM: god gift: Beproung's Reference Book on Summoning and Air
 13583 | Lair:3   | XOM: divination: magic mapping
 13587 | Lair:3   | Reached skill level 10 in Fighting
 13640 | Lair:3   | XOM: cloud trail
 13695 | Lair:3   | XOM: medium Air miscast
 13702 | Lair:3   | XOM: fake destruction
 13705 | Lair:3   | XOM: cast spell 'Summon Small Mammal'
 13864 | Lair:3   | XOM: summons 1 hostile demon
 13983 | Lair:3   | Found a staircase to the Snake Pit.
 14035 | Lair:3   | XOM: scenery: create altars
 14368 | Lair:3   | XOM: medium Tmut miscast
 14377 | Lair:3   | Lost mutation: Scrolls take you a little longer to read. [mutagenic glow]
 14466 | Lair:3   | Gained mutation: Armour fits poorly on your strangely shaped body. [mutagenic glow]
 14612 | Lair:4   | XOM: summons 3 hostile demons
 14743 | Lair:4   | Noticed a catoblepas
 14744 | Lair:4   | XOM: potion effect (brilliance)
 14756 | Lair:4   | XOM: summons friendly iron imp
 14762 | Lair:4   | XOM: summons friendly shadow imp
 14763 | Lair:4   | XOM: enchant monster (bad)
 14785 | Lair:4   | Killed a catoblepas
 14785 | Lair:4   | Reached XP level 13. HP: 27/103 MP: 24/24
 15036 | Lair:4   | Found a staircase to the Swamp.
 15045 | Lair:4   | XOM: potion effect (brilliance)
 15164 | Lair:4   | HP: 5/103 [black mamba (13)]
 15531 | Lair:3   | XOM: scenery: create altars
 15638 | Lair:4   | XOM: cloud trail
 15674 | Lair:4   | XOM: 7-stop teleportation journey
 15851 | Lair:4   | Found a sparkling altar of Nemelex Xobeh.
 15957 | Lair:4   | XOM: polymorph water moccasin -> ice beast
 16200 | Lair:4   | Found the +8 whip "Snakebite" {curare, rPois}
 16286 | Lair:4   | XOM: polymorph komodo dragon -> elephant
 16320 | Lair:4   | XOM: medium Chrm miscast
 16420 | Lair:5   | XOM: confuse monster(s)
 16440 | Lair:5   | XOM: polymorph wolf -> porcupine
 16450 | Lair:5   | XOM: divination: magic mapping
 16455 | Lair:5   | XOM: mild Conj miscast
 16460 | Lair:4   | XOM: smoke on damage
 16687 | Lair:4   | XOM: harmless Air miscast
 16812 | Lair:5   | XOM: silly message
 16824 | Lair:4   | XOM: enchant monster (good)
 17120 | Lair:5   | XOM: mild Air miscast
 17526 | Lair:5   | Identified 2 scrolls of acquirement
 17604 | Lair:5   | XOM: harmless Necr miscast
 18023 | Lair:6   | Entered Level 6 of the Lair of Beasts
 18035 | Lair:5   | XOM: divination: detect items
 18128 | Lair:5   | XOM: cloud trail
 18132 | Lair:5   | XOM: confusion (+ monsters)
 18142 | Lair:5   | XOM: summons 7 friendly demons
 18359 | Lair:5   | XOM: repel stairs
 18363 | Lair:5   | XOM: harmless Erth miscast
 18366 | Lair:5   | XOM: swap monsters
 18368 | Lair:5   | XOM: summons friendly red devil
 18472 | Lair:6   | XOM: smoke on damage
 18479 | Lair:6   | XOM: blink monster(s)
 18824 | Lair:6   | XOM: chaos cloud
 18825 | Lair:6   | XOM: summons 2 friendly demons
 18827 | Lair:6   | XOM: polymorph shadow imp -> quasit
 18872 | Lair:6   | XOM: confusion (+ monsters)
 18873 | Lair:6   | XOM: destruction
 18912 | Lair:6   | XOM: fake destruction
 18920 | Lair:6   | XOM: cast spell 'Summon Butterflies'
 18930 | Lair:5   | XOM: summons friendly white imp
 18931 | Lair:5   | XOM: confuse monster(s)
 18947 | Lair:5   | XOM: severe Erth miscast
 18963 | Lair:5   | XOM: harmless Conj miscast
 18975 | Lair:5   | Reached XP level 14. HP: 64/111 MP: 26/26
 19164 | Lair:6   | XOM: cast spell 'Call Canine Familiar'
 19181 | Lair:6   | XOM: summons 14 friendly demons
 19287 | Lair:6   | Quit the game

Vault maps used:
D:1:      shiori_arrival_oz
D:2:      uniq_jessica
D:3:      lightli_sewer_entry_pipes, first_bread, serial_bayou_ford_a, uniq_ijyb
D:6:      nicolae_ru_awakened_eye
D:7:      minmay_temple_entry_overgrown, nicolae_ossuary_entry_catacombs,
          basic_altar, grunt_ogre_cave
D:8:      cheibrodos_quashed, enter_bailey_3, serial_undead, serial_undead_f,
          serial_undead_a, serial_undead_f, serial_undead_d, serial_undead_e,
          serial_undead_a, serial_undead_e
D:9:      kennysheep_little_box, lair_entry_dummy,
          minmay_hollow_rounded_squares, uniq_pikel
Temple:   roderic_octagonal_lattice_temple
Lair:2:   beast_lair_carwin_large_3, bh_chokoban
Lair:3:   minmay_snake_entry_spellcaster
Lair:4:   minmay_guarded_unrand_snakebite, minmay_swamp_entry_reptiles,
          basic_altar, infiniplex_staircase_pool_2
Lair:5:   wad_woods_road_01, zaba_anthole, grunt_forest_large_clearings,
          serial_bayou_shore_b, uniq_urug
Lair:6:   minmay_lair_end_frog_pond, nicolae_slime_entry_slimehenge,
          basic_altar, kennysheep_rathole, lemuel_fruit_fields,
          infiniplex_staircase_pool
Sewer:    sewer_minmay_treatment

Skill      XL: |  1  2  3  4  5  6  7  8  9 10 11 12 13 |
---------------+----------------------------------------+-----
Invocations    | 1 2 3 4 5 6 7 8 9 |  9.5
Short Blades   | 1 2 3 4 5 6 7 8 |  8.7
Long Blades    | 1 2 3 4 5 6 7 8 |  8.7
Axes           | 1 2 3 4 5 6 7 8 |  8.7
Polearms       | 1 2 3 4 5 6 7 8 |  8.7
Staves         | 1 2 3 4 5 6 7 8 |  8.7
Slings         | 1 2 3 4 5 6 7 8 |  8.7
Bows           | 1 2 3 4 5 6 7 8 |  8.7
Crossbows      | 1 2 3 4 5 6 7 8 |  8.7
Throwing       | 1 2 3 4 5 6 7 8 |  8.7
Dodging        | 1 2 3 4 5 6 7 8 |  8.7
Stealth        | 1 2 3 4 5 6 7 8 |  8.7
Unarmed Combat | 1 2 3 4 5 6 7 8 |  8.7
Spellcasting   | 1 2 3 4 5 6 7 8 |  8.7
Evocations     | 1 2 3 4 5 6 7 8 |  8.7
Conjurations   | 1 2 3 4 5 6 7 |  7.3
Hexes          | 1 2 3 4 5 6 7 |  7.3
Charms         | 1 2 3 4 5 6 7 |  7.3
Summonings     | 1 2 3 4 5 6 7 |  7.3
Necromancy     | 1 2 3 4 5 6 7 |  7.3
Translocations | 1 2 3 4 5 6 7 |  7.3
Transmutations | 1 2 3 4 5 6 7 |  7.3
Fire Magic     | 1 2 3 4 5 6 7 |  7.3
Ice Magic      | 1 2 3 4 5 6 7 |  7.3
Air Magic      | 1 2 3 4 5 6 7 |  7.3
Earth Magic    | 1 2 3 4 5 6 7 |  7.3
Poison Magic   | 1 2 3 4 5 6 7 |  7.3
Maces & Flails | 3 4 5 6 7 8 9 |  9.1
Shields        | 5 6 7 8 9 |  9.9
Fighting       | 7 8 9 10 | 10.8
Armour         | 9 10 11 | 11.9

Action                   |  1- 3 |  4- 6 |  7- 9 | 10-12 | 13-15 || total
-------------------------+-------+-------+-------+-------+-------++-------
Melee: Mace              |    97 |   297 |   646 |    18 |       ||  1058
       Bite              |     7 |    38 |    85 |   128 |    72 ||   330
       Flail             |       |       |       |   376 |       ||   376
       Trident           |       |       |       |    57 |       ||    57
       Whip              |       |       |       |    13 |   374 ||   387
       Quarterstaff      |       |       |       |   330 |   108 ||   438
       Kick              |       |       |       |   126 |   177 ||   303
Throw: Javelin           |       |       |       |     8 |    10 ||    18
       Throwing net      |       |       |       |       |     1 ||     1
 Cast: Blink             |       |       |       |     1 |     3 ||     4
Evoke: Wand              |       |       |       |     2 |     3 ||     5
       Lamp of fire      |       |       |       |     1 |       ||     1
  Use: Potion            |       |     2 |     6 |    15 |     5 ||    28
       Scroll            |       |     6 |     2 |     8 |     6 ||    22
 Stab: Sleeping          |     4 |     1 |     3 |     4 |     5 ||    17
       Confused          |       |       |       |     3 |       ||     3
       Distracted        |       |       |       |     4 |     1 ||     5
  Eat: Chunk             |       |     6 |    11 |    32 |    13 ||    62
       Fruit             |       |       |     2 |     1 |     1 ||     4
       Royal jelly       |       |       |       |     5 |       ||     5
Armor: Leather armour    |    41 |    30 |       |       |       ||    71
       Scale mail        |       |   149 |   311 |   368 |   124 ||   952
Dodge: Dodged            |    47 |   139 |   215 |   498 |   249 ||  1148
       Deflected         |       |       |       |     5 |       ||     5
Block: Shield            |    59 |   234 |   381 |   331 |   242 ||  1247

Table legend:
 A = Spawn XP
 B = Non-spawn XP
 C = Spawn XP percentage of total XP
 D = Spawn monster count
 E = Non-spawn monster count
 F = Spawn count percentage of total count
 G = Total turns spent on level
                    A         B        C        D         E        F      G
               +---------+---------+-------+---------+---------+-------+---------
         Total |       0 |   56923 |   0.0 |       0 |     449 |   0.0 | 19287
               +---------+---------+-------+---------+---------+-------+---------
           D:1 |       0 |      48 |   0.0 |       0 |      27 |   0.0 |   622
           D:2 |       0 |      68 |   0.0 |       0 |      13 |   0.0 |   708
           D:3 |       0 |     246 |   0.0 |       0 |      22 |   0.0 |   721
           D:4 |       0 |     388 |   0.0 |       0 |      16 |   0.0 |   697
           D:5 |       0 |     503 |   0.0 |       0 |      21 |   0.0 |   722
           D:6 |       0 |     202 |   0.0 |       0 |       4 |   0.0 |   394
           D:7 |       0 |    2184 |   0.0 |       0 |      30 |   0.0 |  1228
           D:8 |       0 |    3254 |   0.0 |       0 |      44 |   0.0 |  1249
           D:9 |       0 |    4482 |   0.0 |       0 |      37 |   0.0 |  2230
        Lair:1 |       0 |    4817 |   0.0 |       0 |      18 |   0.0 |  1748
        Lair:2 |       0 |    7643 |   0.0 |       0 |      31 |   0.0 |  1977
        Lair:3 |       0 |    6900 |   0.0 |       0 |      24 |   0.0 |  1678
        Lair:4 |       0 |    8973 |   0.0 |       0 |      39 |   0.0 |  2007
        Lair:5 |       0 |   11757 |   0.0 |       0 |      55 |   0.0 |  2139
        Lair:6 |       0 |    5108 |   0.0 |       0 |      20 |   0.0 |   288
         Sewer |       0 |     350 |   0.0 |       0 |      48 |   0.0 |   786
               +---------+---------+-------+---------+---------+-------+---------
